 Dungeon Crawl Stone Soup version 0.30-a0-371-gad7725a93e (webtiles) character file.

Game seed: 15704233646989121301

193 Shayle the Chopper (level 5, -13/49 HPs)
             Began as a Naga Reaver on Nov 21, 2022.
             Was an Initiate of Ashenzari.
             Killed by an exploding hound (19 damage)
             ... ignited by their inner flame
             ... on level 4 of the Dungeon.
             The game lasted 00:10:41 (2295 turns).

Shayle the Chopper (Naga Reaver)                    Turns: 2295, Time: 00:10:42

Health: -13/49     AC:  5    Str: 14    XL:     5   Next: 72%
Magic:  9/9        EV: 11    Int: 15    God:    Ashenzari [......]
Gold:   1139       SH:  0    Dex: 16    Spells: 5/9 levels left

rFire   . . .      SeeInvis +    a - +1 hand axe
rCold   . . .      Faith    .    (no shield)
rNeg    . . .      Spirit   .    d - +2 robe {Will+}
rPois   +          Reflect  .    k - +0 helmet
rElec   .          Harm     .    (no cloak)
rCorr   .          Rampage  .    (no gloves)
Will    +....                    (no barding)
Stlth   +.........               h - amulet of regeneration
HPRegen 1.08/turn                f - +6 ring of dexterity
MPRegen 0.11/turn                (no ring)

@: about to teleport, short of breath, very slow
A: AC +1, large, see invisible, deformed body, poison resistance, slowness 2,
spit poison 1, naga tail 1
a: Spit Poison, Renounce Religion


You were on level 4 of the Dungeon.
You worshipped Ashenzari.
Ashenzari was noncommittal.
You visited 1 branch of the dungeon, and saw 4 of its levels.

You collected 1139 gold pieces.

Inventory:

Hand Weapons
 a - a +1 hand axe (weapon)
Armour
 b - a +1 leather armour
 d - a +2 robe of willpower (worn)
 k - a +0 helmet (worn)
Jewellery
 f - a +6 ring of dexterity (left hand)
 h - an amulet of regeneration (around neck)
Scrolls
 c - a scroll of immolation
 e - a scroll of enchant weapon
 g - 2 scrolls of enchant armour
 j - a scroll of identify
Potions
 i - a potion of mutation
 l - a potion of resistance


   Skills:
 + Level 3.6 Fighting
 - Level 3.6 Axes
 + Level 3.0 Dodging
 + Level 2.8 Spellcasting
 - Level 3.0 Conjurations


You had 5 spell levels left.
You knew the following spells:

 Your Spells              Type           Power      Damage    Failure   Level
a - Kiss of Death         Conj/Necr      24%        2d7       11%         1
b - Hailstorm             Conj/Ice       6%         3d4       32%         3

Your spell library contained the following spells:

 Spells                   Type           Power      Damage    Failure   Level
 Shock                    Conj/Air       24%        1d4       11%         1
 Momentum Strike          Conj/Tloc      12%        3d8       17%         2
 Necrotise                Necr           8%         1d4       21%         1
 Swiftness                Air            2%         N/A       52%         3
 Vampiric Draining        Necr           2%         2d6       52%         3
 Airstrike                Air            1%         2d(1-17)  90%         4
 Agony                    Necr           2%         N/A       99%         5


Dungeon Overview and Level Annotations

Branches:
Dungeon (4/15)
 Temple: D:4-7

Altars:
Ashenzari
Fedhas
Hepliaklqana

Shops:
D:1 =


Innate Abilities, Weirdness & Mutations

Your serpentine skin is tough. (AC +1)
You have supernaturally acute eyesight. (SInv)
Armour fits poorly on your strangely shaped body.
Your system is resistant to poisons. (rPois)
You cover ground very slowly.
You can spit poison.
You have a snake-like lower body.


Message History

The orc wizard misses you.
You feel less confused. The hound misses you.
Unknown command.
Aiming: Spit Poison (1% risk of failure)
Press: ? - help, Shift-Dir - straight line, f - orc wizard
Aim: an orc wizard, wielding a +0 dagger and wearing a +0 robe (moderately wounded, 50% to hit)
The splash of poison hits the orc wizard.
The orc wizard is poisoned.
The orc wizard is heavily wounded.
The hound bites you.
The orc wizard hits you with a +0 dagger.
The orc hits you but does no damage. The orc barely misses you.
The hound bites you.
Okay, then.
As you read the scroll labelled RONEYNGOSAS, it crumbles to dust.
The creatures around you are filled with an inner flame!
It was a scroll of immolation.
The orc misses you. The orc hits you with a +0 flail.
The orc wizard hits you but does no damage.
The hound bites you.
As you read the scroll labelled TAIRIV XOHEEF, it crumbles to dust.
You feel strangely unstable.
It was a scroll of teleportation.
The hound bites you.
The orc wizard hits you but does no damage.
The orc hits you with a +0 mace.
* * * LOW HITPOINT WARNING * * *
The orc hits you with a +0 flail.
* * * LOW HITPOINT WARNING * * *
The hound closely misses you.
Okay, then.
The hound attacks as you move away! The hound closely misses you.
Flame seeps out of the orc wizard.
The orc wizard is engulfed in blazing flames.
The orc wizard explodes!
The fiery explosion engulfs the orc!!!
The fiery explosion engulfs the hound!!!
The hound explodes!
The fiery explosion engulfs the orc!
The fiery explosion engulfs you!!
You die...

#. !. .#.#... #.. .....
#.. ... #... #.#
####.### ###.###
.......# #..§.§#
.......#####.§§§§##
..##...<..#.)§○§@.####
.....#.......§§§........
..#.....#.#.......######
..##)#..#.##..>..##
....oh....##.....#
...)...#######.####
####o### #.......# #.#
#.##.##.# #.# #.##.# #


There were no monsters in sight!

Vanquished Creatures
  A hound (D:4)
  5 orc wizards
  4 adders
  A worm (D:3)
  2 dart slugs (D:3)
  6 orcs
  10 bats
  3 endoplasms
  A giant cockroach (D:3)
  7 goblins
  3 hobgoblins (D:1)
  2 jackals (D:1)
  3 kobolds
  3 quokkas
  4 ball pythons
  3 frilled lizards (D:3)
  4 rats
62 creatures vanquished.

Notes
Turn   | Place    | Note
-------+----------+-------------------------------------------
     0 | D:1      | Shayle the Naga Reaver began the quest for the Orb.
     0 | D:1      | Reached XP level 1. HP: 19/19 MP: 3/3
    33 | D:1      | Found Afudui's Jewellery Shoppe.
   169 | D:1      | Reached XP level 2. HP: 26/26 MP: 5/5
   276 | D:1      | Identified 2 scrolls of acquirement
   276 | D:1      | Acquired a book of Air
   280 | D:1      | Acquired 909 gold pieces
   748 | D:1      | Reached XP level 3. HP: 33/33 MP: 6/6
  1012 | D:2      | HP: 1/33 [worm (5)]
  1052 | D:3      | Found a faded altar of an unknown god.
  1194 | D:3      | Learned a level 3 spell: Hailstorm
  1227 | D:3      | Reached XP level 4. HP: 28/40 MP: 7/7
  1334 | D:3      | Reached XP level 5. HP: 22/49 MP: 8/8
  1791 | D:3      | Found a blossoming altar of Fedhas.
  1791 | D:3      | Found a broken altar of Ashenzari.
  1795 | D:3      | Became a worshipper of Ashenzari the Shackled
  1952 | D:3      | Found a hazy altar of Hepliaklqana.
  2295 | D:4      | Killed by an exploding hound... ignited by their inner
                  | flame

Illustrated notes

Levels and vault maps discovered:
D:1:      amcnicky_arrival_choice, layout_basic, serial_shops,
          nicolae_diamond_shop, corexii_leaking_fountain
D:2:      layout_basic, minivault_11, grunt_decor_clamped, st_stairs_6,
          dreamdust_princess_corridor, roderic_roman_lattice, uniq_robin
D:3:      minmay_bubble_buster, layout_basic, worldfamousw_hep_ancestral_shrine,
          gammafunk_temple_overflow_wave, ebering_ecumenical_altar_abandoned
D:4:      layout_loops_cross, uniq_blork_the_orc, uniq_pikel, uniq_natasha

Skill      XL: |  1  2  3  4  5 |
---------------+----------------+-----
Dodging        | 2 3 |  3.0
Fighting       | 3 |  3.6
Axes           | |  3.6
Spellcasting   | |  2.8
Conjurations   | |  3.0

Action                   |  1- 3 |  4- 6 || total
-------------------------+-------+-------++-------
Melee: Hand axe          |   129 |   104 ||   233
       Punch             |       |     2 ||     2
 Abil: Spit Poison       |    13 |     7 ||    20
  Use: Scroll            |     5 |     5 ||    10
       Potion            |     1 |       ||     1
 Stab: Sleeping          |     1 |     2 ||     3
Armor: Leather armour    |    72 |     2 ||    74
       Robe              |       |    34 ||    34
Dodge: Dodged            |    99 |    69 ||   168

Table legend: (Time is in decaauts)
 A = Elapsed time spent in this place.
 B = Non-inter-level travel time spent in this place.
 C = Inter-level travel time spent in this place.
 D = Time resting spent in this place.
 E = Time spent auto-exploring this place.
 F = Levels seen in this place.
 G = Mean time per level.
                   A        B        C        D        E       F      G
               +--------+--------+--------+--------+--------+-----+--------+
         Total |   2901 |   2627 |    274 |    351 |   1397 |   4 |  725.2 |
       Dungeon |   2901 |   2627 |    274 |    351 |   1397 |   4 |  725.2 |
               +--------+--------+--------+--------+--------+-----+--------+

Top non-repeatable levels by time:
     D:3: 1482 daAuts
     D:1: 1073 daAuts
     D:2: 261 daAuts
     D:4: 84 daAuts
